 Dungeon Crawl Stone Soup version 0.18-a0-1405-g73f4075 (webtiles) character file.

529 namelastname112 the Conjurer (level 7, 50/50 HPs)
             Began as a Mottled Draconian Conjurer on Feb 24, 2016.
             Quit the game on level 5 of the Dungeon.
             The game lasted 00:06:02 (3861 turns).

namelastname112 the Conjurer (DrCj)                 Turns: 3861, Time: 00:06:03

Health: 50/50      AC:  9    Str: 10    XL:     7   Next: 3%
Magic:  9/14       EV: 12    Int: 18    God:
Gold:   210        SH:  0    Dex: 11    Spells: 3 memorised, 8 levels left

rFire  . . .     SeeInvis .     f - +0 dagger
rCold  . . .     Gourm    .     (armour unavailable)
rNeg   . . .     Faith    .     (no shield)
rPois  .         Spirit   .     (helmet restricted)
rElec  .         Dismiss  .     t - +0 cloak
rCorr  .         Reflect  .     y - +0 pair of gloves
SustAt .         Harm     .     i - +0 pair of boots
MR     .....                    h - amulet of magic regeneration
Stlth  ++........               (no ring)
                                (no ring)

@: not resistant to hostile enchantments, unstealthy
A: breathe sticky flame splash, unfitting armour, cold-blooded, AC +6
a: Breathe Sticky Flame


You were on level 5 of the Dungeon.
You were not hungry.

You visited 2 branches of the dungeon, and saw 6 of its levels.

You collected 210 gold pieces.

Inventory:

Hand Weapons
 f - a +0 dagger (weapon)
Armour
 i - a +0 pair of boots (worn)
 t - a +0 cloak (worn)
 y - a +0 pair of gloves (worn)
Jewellery
 h - an amulet of magic regeneration (around neck)
 s - a +2 amulet of reflection {unknown}
Wands
 c - a wand of slowing (19/48)
 x - a wand of lightning (10/15)
Scrolls
 d - 3 scrolls of remove curse {unknown}
 e - 4 scrolls of recharging {unknown}
 g - a scroll of fog {unknown}
 j - 3 scrolls of identify {unknown}
 k - a scroll of fear {unknown}
 l - a scroll of random uselessness {unknown}
 n - a scroll of enchant armour {unknown}
 q - a scroll of enchant weapon {unknown}
 u - a scroll of immolation {unknown}
Potions
 o - 2 potions of ambrosia {unknown}
 p - a potion of resistance {unknown}
 r - a potion of cure mutation {unknown}
 w - a potion of heal wounds {unknown}
 z - a potion of lignification {unknown}
Books
 a - a book of Conjurations

   Spells                             Type                      Level
   a - Magic Dart                     Conjuration                  1
   b - Searing Ray                    Conjuration                  2
   c - Dazzling Spray                 Conjuration/Hexes            3
   d - Fulminant Prism                Conjuration/Hexes            4
   e - Iskenderun's Mystic Blast      Conjuration                  4
   f - Iskenderun's Battlesphere      Conjuration/Charms           5
Comestibles
 b - 3 bread rations
 m - 3 fruits
 v - a meat ration
 A - a chunk of flesh


   Skills:
 - Level 1.7 Dodging
 - Level 1.7 Stealth
 + Level 5.0 Spellcasting
 + Level 6.2 Conjurations
 + Level 2.0 Charms


You had 8 spell levels left.
You knew the following spells:

 Your Spells              Type           Power        Failure   Level  Hunger
a - Iskenderun's Battles  Conj/Chrm      ###.....     78%         5    ######.
x - Searing Ray           Conj           ####..       1%          2    #......
z - Magic Dart            Conj           ####         1%          1    None


Dungeon Overview and Level Annotations

Branches:
Dungeon (5/15)             Temple (1/1) D:4

Altars:
Ashenzari
Cheibriados
Elyvilon
Kikubaaqudgha
Makhleb
Okawaru
Pakellas
Ru
Sif Muna
Trog
Vehumet
Xom
Yredelemnul


Innate Abilities, Weirdness & Mutations

You can spit globs of burning liquid.
You can ignite nearby creatures when you spit burning liquid.
Your weird mottled scales are hard (AC +6).
Your body does not fit into most forms of armour.
You are cold-blooded and may be slowed by cold attacks.


Message History

The orc is severely wounded.
The orc barely misses you.
Casting: Magic Dart
Confirm with . or Enter, or press ? or * to list all spells.
Aiming: Searing Ray
Press: ? - help, Shift-Dir - straight line, f - orc, p - orc
Aim: an orc, wielding a hand axe and wearing a leather armour The searing ray hits the orc.
You kill the orc!
The searing ray hits something.
Something barely misses you.
The searing ray hits something.
Something hits you but does no damage.
The searing ray hits something.
Reactivating autopickup.
Your Charms skill increases to level 2!
You have reached level 7!
Your scales start taking on a weird mottled colour.
You feel a bit more experienced.
The searing ray hits the orc.
You kill the orc!
Your Spellcasting skill increases to level 5!
Are you sure you want to abandon this character and quit the game? (Confirm with "yes".)

.....#
##.##.#
.....#
.......
#.....##
+#####
....o..
##.....#
...o...
#.###.#
.......
#.# .#
..oo.
#.# #
... #.#
#.###.#
#oo)@.#
#.#####
##


You could see an orc wizard and an orc.

Vanquished Creatures
  Sigmund (D:3)
  A giant frog skeleton (D:4)
  2 iguanas
  5 orc wizards
  A worker ant (D:4)
  A howler monkey skeleton (D:5)
  4 adders
  3 worms
  3 dart slugs
  5 giant geckos
  6 orcs
  7 bats
  4 giant cockroaches
  4 goblins
  A hobgoblin (D:1)
  4 jackals (D:2)
  4 quokkas
  A ball python (D:3)
  A giant gecko skeleton (D:4)
  2 giant newts
  4 kobolds
  A quokka skeleton (D:3)
  10 rats
75 creatures vanquished.

Notes
Turn   | Place    | Note
--------------------------------------------------------------
     0 | D:1      | namelastname112 the Draconian Conjurer began the quest for the Orb.
     0 | D:1      | Reached XP level 1. HP: 14/14 MP: 3/3
   669 | D:1      | Reached XP level 2. HP: 20/20 MP: 1/5
  1306 | D:2      | Found a white marble altar of Elyvilon.
  1335 | D:2      | Found a snail-covered altar of Cheibriados.
  1371 | D:2      | Reached XP level 3. HP: 22/26 MP: 4/7
  1804 | D:3      | Reached XP level 4. HP: 21/33 MP: 3/8
  1831 | D:3      | Learned a level 2 spell: Searing Ray
  2075 | D:3      | Noticed Sigmund
  2254 | D:3      | Killed Sigmund
  2254 | D:3      | Reached skill level 5 in Conjurations
  2254 | D:3      | Reached XP level 5. HP: 28/38 MP: 6/11
  2447 | D:3      | Learned a level 5 spell: Iskenderun's Battlesphere
  2514 | D:3      | Reached XP level 6. HP: 45/45 MP: 7/12
  2734 | D:4      | Reached skill level 1 in Charms
  3005 | D:3      | Reached skill level 6 in Conjurations
  3059 | D:4      | Found a staircase to the Ecumenical Temple.
  3099 | Temple   | Entered the Ecumenical Temple
  3148 | D:4      | Found an iron altar of Okawaru.
  3176 | D:4      | Found a shimmering altar of Xom.
  3188 | D:4      | Found an oddly glowing altar of Pakellas.
  3220 | D:4      | Found a shattered altar of Ashenzari.
  3224 | D:4      | Saw a vision of the Swamp and the Snake Pit.
  3224 | D:4      | Noticed a naga
  3224 | D:4      | Noticed a naga
  3224 | D:4      | Noticed a naga mage
  3224 | D:4      | Noticed a naga
  3224 | D:4      | Noticed a black mamba
  3224 | D:4      | Noticed a swamp drake
  3224 | D:4      | Noticed an alligator
  3224 | D:4      | Noticed a swamp drake
  3225 | D:4      | Noticed an anaconda
  3225 | D:4      | Noticed a naga warrior
  3225 | D:4      | Noticed a naga
  3361 | D:4      | Found a sacrificial altar of Ru.
  3568 | D:5      | Entered Level 5 of the Dungeon
  3860 | D:5      | Reached XP level 7. HP: 50/50 MP: 10/14
  3860 | D:5      | Your scales start taking on a weird mottled colour.
  3860 | D:5      | Reached skill level 5 in Spellcasting
  3861 | D:5      | Quit the game

Vault maps used:
D:1:      evilmike_arrival_hilbert_curve, serial_glass, glass_columns_a,
          glass_columns_c, glass_columns_c, glass_columns_a, glass_columns_b,
          glass_columns_a, hangedman_decor_diamond_cutter
D:2:      old_standard_altar, cheibriados_altar_1, st_stairs_7
D:3:      uniq_sigmund
D:4:      xom_teletrap_fun, nicolae_overflow_hidden_temple,
          grunt_pakellas_mercury, kennysheep_mini, temple_pool_b,
          grunt_decor_arrowhead, grunt_ministairs_12, grunt_ashenzari_visionary
D:5:      first_bread
Temple:   circular_temple_6

Skill      XL: |  1  2  3  4  5  6  7 |
---------------+----------------------+-----
Spellcasting   | 3 4 5 |  5.0
Conjurations   | 5 6 |  6.2
Charms         | 2 |  2.0
Dodging        | |  1.7
Stealth        | |  1.7

Action                   |  1- 3 |  4- 6 |  7- 9 || total
-------------------------+-------+-------+-------++-------
Melee: Unarmed           |    13 |       |       ||    13
       Dagger            |    12 |     8 |       ||    20
 Cast: Magic Dart        |    89 |    90 |       ||   179
       Searing Ray       |       |    11 |       ||    11
  Use: Potion            |       |     1 |       ||     1
  Eat: Chunk             |     3 |     2 |       ||     5
       Meat ration       |       |     1 |       ||     1
